 Dungeon Crawl Stone Soup version 0.20-a0-809-gaf7f668 (webtiles) character file.

69 Alarkh the Skirmisher (level 4, 35/35 HPs)
             Began as a Demonspawn Fighter on Mar 2, 2017.
             Quit the game on level 3 of the Dungeon.
             The game lasted 00:01:51 (1554 turns).

Alarkh the Skirmisher (Demonspawn Fighter)          Turns: 1554, Time: 00:01:52

Health: 35/35      AC:  6    Str: 17    XL:     4   Next: 2%
Magic:  4/4        EV:  7    Int: 10    God:
Gold:   51         SH:  9    Dex: 12    Spells: 3/3 levels left

rFire    . . .     SeeInvis .   a - +0 long sword
rCold    . . .     Gourm    .   b - +0 scale mail
rNeg     . . .     Faith    .   c - +0 shield
rPois    .         Spirit   .   (no helmet)
rElec    .         Reflect  .   (no cloak)
rCorr    .         Harm     .   (no gloves)
MR       .....                  (no boots)
Stlth    ..........             (no amulet)
Regen    0.2/turn               (no ring)
MPRegen  0.1/turn               l - ring of loudness (curse)

@: no status effects
A: claws 1, spiny 1
a: no special abilities


You were on level 3 of the Dungeon.
You were not hungry.

You visited 1 branch of the dungeon, and saw 3 of its levels.

You collected 51 gold pieces.

Inventory:

Hand Weapons
 a - a +0 long sword (weapon)
Armour
 b - a +0 scale mail (worn)
 c - a +0 shield (worn)
Jewellery
 l - a cursed ring of loudness (left claw)
Scrolls
 e - a scroll of identify
 i - a scroll of remove curse {unknown}
 k - a scroll of amnesia {unknown}
Potions
 d - a potion of might
 g - a potion of haste
 h - 3 potions of lignification {unknown}
 j - a potion of agility
 m - a potion of resistance {unknown}
 n - a potion of heal wounds {unknown}
 o - a potion of mutation {unknown}
Comestibles
 f - 2 bread rations
 p - 5 chunks of flesh


   Skills:
 + Level 3.4 Fighting
 * Level 2.8 Long Blades
 + Level 3.1 Armour
 + Level 3.1 Shields


You had 3 spell levels left.
You didn't know any spells.

Dungeon Overview and Level Annotations

Branches:
Dungeon (3/15)

Altars:
The Shining One


Innate Abilities, Weirdness & Mutations

You have sharp fingernails.
You are partially covered in sharp spines.


Message History

The ooze is struck by your spines. The ooze completely misses you.
You hit the ooze.
The ooze is almost dead.
You block the ooze's attack. The quokka barely misses you.
You riposte.
You barely miss the quokka. You slash the ooze!
You kill the ooze!
You have reached level 4!
You feel stronger.
You feel monstrous as your demonic heritage exerts itself.
Your demonic ancestry asserts itself...
Your fingernails lengthen.
The quokka bites you but does no damage.
The quokka is struck by your spines. The quokka closely misses you.
You riposte.
You hit the quokka.
The quokka is almost dead.
You slash the quokka!
You kill the quokka!
No target in view!
Are you sure you want to abandon this character and quit the game? (Confirm with "yes".)

##..# ###.#
##..# #...#
##..# #.###
##..# #.#
#..# #.#
#..#
##.########
#..[......#
#..######.#
#@.#
#........#
#..........
#...###.##.#
### #.# .#
#.# . #.. .
### ##


There were no monsters in sight!

Vanquished Creatures
  2 adders (D:2)
  2 oozes
  A dart slug (D:2)
  3 bats (D:1)
  A giant cockroach (D:2)
  8 goblins
  6 hobgoblins
  4 jackals (D:2)
  3 kobolds (D:1)
  A quokka (D:3)
  2 ball pythons (D:1)
  4 rats
37 creatures vanquished.

Notes
Turn   | Place    | Note
-------+----------+-------------------------------------------
     0 | D:1      | Alarkh the Demonspawn Fighter began the quest for the Orb.
     0 | D:1      | Reached XP level 1. HP: 18/18 MP: 1/1
   209 | D:1      | Gained mutation: You are partially covered in sharp spines. [demonic ancestry]
   209 | D:1      | Reached XP level 2. HP: 21/24 MP: 2/2
   462 | D:1      | Found a glowing golden altar of the Shining One.
   810 | D:2      | Reached XP level 3. HP: 29/29 MP: 3/3
  1552 | D:3      | Gained mutation: You have sharp fingernails. [demonic ancestry]
  1552 | D:3      | Reached XP level 4. HP: 35/35 MP: 4/4
  1554 | D:3      | Quit the game

Vault maps used:
D:1:      eino_arrival_cavern_d, tso_metal_star
D:3:      lemuel_doored_altar, lemuel_zombie_altar_yredelemnul

Skill      XL: |  1  2 |
---------------+-------+-----
Long Blades    | 2 |  2.8
Armour         | 3 |  3.1
Shields        | 3 |  3.1
Fighting       | |  3.4

Action                   |  1- 3 |  4- 6 || total
-------------------------+-------+-------++-------
Melee: Long sword        |    94 |     1 ||    95
  Use: Scroll            |     2 |       ||     2
  Eat: Chunk             |     2 |       ||     2
Armor: Scale mail        |    42 |     1 ||    43
Dodge: Dodged            |    24 |     1 ||    25
Block: Shield            |    63 |       ||    63
       Rpst.: Long sword |    10 |     1 ||    11
